 Dungeon Crawl Stone Soup version 0.18-a0-884-gb6cfd45 (webtiles) character file.

142 Scytalen the Poker (level 5, 0/41 HPs)
             Began as a Demonspawn Chaos Knight on Dec 22, 2015.
             Slain by a wasp (2 damage)
             ... on level 4 of the Dungeon.
             The game lasted 00:10:42 (2918 turns).

Scytalen the Poker (Demonspawn Chaos Knight)        Turns: 2918, Time: 00:10:43

Health: 0/41       AC:  8    Str: 13    XL:     5   Next: 3%
Magic:  5/5        EV: 16    Int: 14    God:    Xom [.....*]
Gold:   153        SH:  0    Dex: 16    Spells: 0 memorised, 4 levels left

rFire  + . .     SeeInvis .     a - +1 spear (chaos)
rCold  + . .     Gourm    .     n - +2 robe {rF+}
rNeg   . . .     Faith    .     (no shield)
rPois  .         Spirit   .     (no helmet)
rElec  .         Dismiss  .     (no cloak)
rCorr  .         Reflect  .     (no gloves)
SustAt .         Harm     .     (no boots)
MR     .....                    (no amulet)
Stlth  ++........               (no ring)
                                i - ring of protection from cold

@: agile, slowed, very slow, not resistant to hostile enchantments, unstealthy
A: rough black scales 1, demonic guardian 1
a: Renounce Religion


You were on level 4 of the Dungeon.
You worshipped Xom.
You were Xom's teddy bear.
You were very hungry.

You visited 1 branch of the dungeon, and saw 4 of its levels.

You collected 153 gold pieces.

Inventory:

Hand Weapons
 a - a +1 spear of chaos (weapon)
Missiles
 k - 67 stones
 r - 7 javelins (quivered)
Armour
 n - a +2 robe of fire resistance (worn)
Jewellery
 i - a ring of protection from cold (left hand)
Scrolls
 b - 2 scrolls of magic mapping {unknown}
 f - a scroll of fear {unknown}
 h - a scroll of enchant weapon
 j - a scroll of recharging {unknown}
 l - a scroll of enchant armour {unknown}
 m - a scroll of random uselessness {unknown}
 o - a scroll of remove curse {unknown}
 p - a scroll of teleportation {unknown}
Potions
 d - a potion of agility
 e - a potion of cancellation {unknown}
Comestibles
 c - 3 bread rations
 g - a royal jelly
 q - a meat ration


   Skills:
 - Level 3.0 Fighting
 + Level 5.2 Polearms
 - Level 1.7 Armour
 - Level 0.8 Dodging


You had 4 spell levels left.
You didn't know any spells.

Dungeon Overview and Level Annotations

Branches:
Dungeon (4/15)
 Temple: D:4-7

Altars:
Cheibriados
Qazlal
Trog
The Shining One


Innate Abilities, Weirdness & Mutations

You are partially covered in rough black scales (AC +4, Dex -1).
A weak demonic guardian rushes to your aid.


Message History

Your quasit claws the wasp but does no damage.
The wasp stings your quasit!
Your quasit dies!
Attack whom?
Press: ? - help, Dir - move target cursor, f/p - wasp
Aim: a wasp (severely wounded, hasn't noticed you)
You reach to attack!
You closely miss the wasp.
The wasp is severely wounded.
Your ufetubus hits the wasp.
Your ufetubus barely misses the wasp.
Attack whom?
Press: ? - help, Dir - move target cursor, f/p - wasp
Aim: a wasp (almost dead)
You hit the wasp but do no damage.
The wasp is almost dead.
The wasp stings you!
* * * LOW HITPOINT WARNING * * *
You feel yourself slow down.
Your ufetubus barely misses the wasp.
Your ufetubus misses the wasp. The wasp stings you.
You die...

#######
#####.....#############.#
#..............@y5......#
##.###.....#######.#######
.....#.....# #..#
.....#.....# ....#
.....#.....# #....#
)....#.....# #.....#
.....#.....# #....##
<....####### #.... .....#
#.(##


You could see a wasp and a friendly ufetubus.

Vanquished Creatures
  A worker ant (D:4)
  3 adders
  2 worms (D:3)
  3 giant geckos
  2 orcs
  2 ball pythons (D:3)
  2 giant cockroaches
  6 goblins
  5 hobgoblins
  A quokka (D:3)
  7 bats
  2 giant newts
  3 jackals (D:2)
  14 kobolds
  8 rats
61 creatures vanquished.

Vanquished Creatures (collateral kills)
  A worker ant (D:4)
  An orc (D:4)
2 creatures vanquished.

Grand Total: 63 creatures vanquished

Notes
Turn   | Place    | Note
--------------------------------------------------------------
     0 | D:1      | Scytalen the Demonspawn Chaos Knight began the quest for the Orb.
     0 | D:1      | Reached XP level 1. HP: 18/18 MP: 1/1
   140 | D:1      | XOM: harmless Erth miscast
   189 | D:1      | XOM: silly message
   249 | D:1      | Gained mutation: A weak demonic guardian rushes to your aid. [demonic ancestry]
   249 | D:1      | Reached XP level 2. HP: 18/24 MP: 2/2
   373 | D:1      | XOM: silly message
   471 | D:1      | XOM: silly message
   753 | D:1      | XOM: silly message
   794 | D:2      | XOM: harmless Air miscast
   816 | D:2      | Found a stormy altar of Qazlal.
   893 | D:2      | XOM: harmless Erth miscast
   923 | D:2      | Reached XP level 3. HP: 27/29 MP: 3/3
  1172 | D:2      | Reached skill level 4 in Polearms
  1232 | D:2      | XOM: cast spell 'Dragon Form'
  1238 | D:2      | XOM: harmless Tloc miscast
  1485 | D:2      | XOM: harmless Hex miscast
  1634 | D:3      | XOM: divination: detect creatures
  1827 | D:3      | Reached XP level 4. HP: 35/35 MP: 4/4
  1938 | D:3      | XOM: noise
  1999 | D:3      | XOM: divination: detect creatures
  2107 | D:3      | Found a bloodstained altar of Trog.
  2498 | D:3      | Found a glowing golden altar of the Shining One.
  2693 | D:4      | XOM: colour smoke trail
  2704 | D:4      | Reached skill level 5 in Polearms
  2723 | D:4      | XOM: harmless Necr miscast
  2848 | D:4      | Found a snail-covered altar of Cheibriados.
  2861 | D:4      | Gained mutation: You are partially covered in rough black scales (AC +4, Dex -1). [demonic ancestry]
  2861 | D:4      | Reached XP level 5. HP: 33/41 MP: 5/5
  2902 | D:4      | Noticed a wasp
  2907 | D:4      | Paralysed by a wasp for 2 turns
  2918 | D:4      | HP: 2/41 [wasp (8)]
  2918 | D:4      | Slain by a wasp

Vault maps used:
D:1:      saegor_arrival_simple_d
D:2:      old_standard_altar, first_bread
D:3:      kennysheep_flooded_box, nicolae_tso_swordbearing_angel
D:4:      minmay_opposing_rooms, cheibriados_altar_1

Action                   |  1- 3 |  4- 6 || total
-------------------------+-------+-------++-------
Melee: Spear             |   130 |    78 ||   208
       Unarmed           |     3 |       ||     3
Throw: Stone             |    34 |    15 ||    49
       Javelin           |       |     1 ||     1
  Use: Scroll            |     1 |       ||     1
       Potion            |       |     1 ||     1
 Stab: Sleeping          |     2 |     1 ||     3
       Confused          |       |     1 ||     1
       Paralysed         |       |     1 ||     1
  Eat: Chunk             |     2 |     3 ||     5
